 Dungeon Crawl Stone Soup version 0.23.2-1-ga50397a (webtiles) character file.

Game seed: 10955213938604309997

490655 Mgcat the Intangible (level 23, -1/126 HPs)
             Began as a Felid Berserker on May 18, 2019.
             Was a High Priest of Trog.
             Slain by a Killer Klown
             ... wielding a +8 club of electrocution
              (28 damage)
             ... on level 5 of the Realm of Zot on May 19, 2019.
             The game lasted 05:40:06 (97611 turns).

Mgcat the Intangible (Felid Berserker)             Turns: 97611, Time: 05:40:06

Health: -1/126     AC:  8    Str: 23    XL:     23   Next: 58%
Magic:  32/32      EV: 40    Int: 10    God:    Trog [*****.]
Gold:   330        SH:  0    Dex: 18    Spells: 22/22 levels left
                                        Lives:  0   Deaths: 7

rFire    + + +     SeeInvis +     - Unarmed
rCold    + + .     Gourm    .   (shield unavailable)
rNeg     + . .     Faith    .   (armour unavailable)
rPois    +         Spirit   .   (helmet unavailable)
rElec    .         Reflect  .   (cloak unavailable)
rCorr    .         Harm     .   (gloves unavailable)
MR       +++++                  (boots unavailable)
Stlth    ++++++++..             E - amulet of Hufadur {rF+ rC+ rN+ Regen+}
HPRegen  0.71/turn              A - ring "Enoxaas" {rPois rF+ MR++}
MPRegen  0.23/turn              V - ring "Pave" {*Slow +Fly rF+ AC+5 Str+4}

@: about to teleport, quick
A: very small, no armour, no weapons or thrown items, stealth, claws 1, fangs 3,
see invisible, carnivore, speed 1, low mp 1, shaggy fur 3, slow metabolism 1,
subdued magic 1, sharp paws
}: 3/15 runes: decaying, serpentine, abyssal
a: Berserk, Trog's Hand, Brothers in Arms, Renounce Religion, Evoke Flight


You were on level 5 of the Realm of Zot.
You worshipped Trog.
Trog was extremely pleased with you.
You were very full.

You visited 10 branches of the dungeon, and saw 49 of its levels.
You visited the Abyss 2 times.
You visited 1 bazaar.
You also visited: Volcano.

You collected 6820 gold pieces.
You spent 6490 gold pieces at shops.

Inventory:

Jewellery
 y - an uncursed ring of positive energy {rN+}
   (You found it on level 2 of the Lair of Beasts)
 A - the ring "Enoxaas" (left paw) {rPois rF+ MR++}
   (You acquired it on level 2 of the Abyss)

   [ring of poison resistance]

   It protects you from fire.
   It protects you from poison.
   It affects your resistance to hostile enchantments.
 E - the amulet of Hufadur (around neck) {rF+ rC+ rN+ Regen+}
   (You acquired it on level 2 of the Orcish Mines)

   [amulet of regeneration]

   It protects you from fire.
   It protects you from cold.
   It protects you from negative energy.
   It increases your rate of regeneration.
 F - an uncursed ring of resist corrosion
   (You found it on level 4 of the Lair of Beasts)
 L - a +4 amulet of reflection
   (You found it on level 4 of the Snake Pit)
 V - the ring "Pave" (right paw) {*Slow +Fly rF+ AC+5 Str+4}
   (You bought it in a shop on level 4 of the Depths)

   [ring of protection]

   It affects your AC (+5).
   It affects your strength (+4).
   It protects you from fire.
   It lets you fly.
   It may slow you when you take damage.
Wands
 e - a wand of enslavement (8)
   (You took it off a deep elf mage on level 3 of the Elven Halls)
 g - a wand of polymorph (40)
   (You found it on level 13 of the Dungeon)
 k - a wand of digging (41)
   (You found it on level 9 of the Dungeon)
 z - a wand of random effects (73)
   (You found it on level 2 of the Snake Pit)
 B - a wand of iceblast (37)
   (You found it on level 3 of the Lair of Beasts)
 H - a wand of paralysis (26)
   (You found it on level 6 of the Lair of Beasts)
 M - a wand of scattershot (5)
   (You found it on level 4 of the Realm of Zot)
 P - a wand of flame (28)
   (You bought it in a shop on level 2 of the Orcish Mines)
 R - a wand of clouds (3)
   (You bought it in a shop in a bazaar)
 U - a wand of disintegration (24)
   (You found it on level 3 of the Vaults)
 X - a wand of acid (14)
   (You found it on level 4 of the Realm of Zot)
Scrolls
 f - 25 scrolls of remove curse
 h - 11 scrolls of fear
 l - 3 scrolls of magic mapping {!r}
 o - 14 scrolls of teleportation
 t - 2 scrolls of blinking {!r}
 D - 4 scrolls of fog
 J - 27 scrolls of identify
 N - 2 scrolls of silence
 S - 2 scrolls of holy word {!r}
Potions
 b - 13 potions of curing
 c - 12 potions of agility
 d - 3 potions of heal wounds
 i - 7 potions of might
 m - 3 potions of resistance
 n - 8 potions of lignification {!q}
 p - 11 potions of mutation {!q}
 r - 7 potions of flight
 s - 5 potions of ambrosia
 G - 3 potions of haste
Miscellaneous
 u - a crystal ball of energy
   (You found it on level 11 of the Dungeon)
 v - a phantom mirror
 w - a fan of gales
   (You found it on level 6 of the Lair of Beasts)
 I - a phial of floods
   (You found it on level 1 of the Snake Pit)
 K - a lamp of fire
   (You bought it in a shop on level 2 of the Orcish Mines)
 Q - 3 boxes of beasts
 T - a lightning rod (4/4)
   (You found it on level 2 of the Swamp)
 W - 2 sacks of spiders
Comestibles
 a - 52 rations


   Skills:
 + Level 24.9 Fighting
 O Level 27 Dodging
 - Level 20.0 Stealth
 + Level 24.9 Unarmed Combat
 + Level 17.0 Evocations


You had 22 spell levels left.
You didn't know any spells.
Your spell library contained the following spells:

 Spells                   Type           Power        Failure   Level  Hunger
 Animate Skeleton         Necr           N/A          32%         1    ##.....
 Apportation              Tloc           #.....       32%         1    ##.....
 Beastly Appendage        Tmut           #.....       32%         1    ##.....
 Confusing Touch          Hex            #.....       32%         1    ##.....
 Flame Tongue             Conj/Fire      #....        32%         1    ##.....
 Freeze                   Ice            #...         32%         1    ##.....
 Infusion                 Chrm           #...         32%         1    ##.....
 Pain                     Necr           #...         32%         1    ##.....
 Sting                    Conj/Pois      #...         32%         1    ##.....
 Summon Butterflies       Summ           #.......     32%         1    ##.....
 Summon Small Mammal      Summ           #...         32%         1    ##.....
 Blink                    Tloc           N/A          45%         2    ###....
 Call Imp                 Summ           #.......     45%         2    ###....
 Ensorcelled Hibernation  Hex/Ice        #.....       45%         2    ###....
 Poisonous Vapours        Pois/Air       #.....       45%         2    ###....
 Shroud of Golubria       Chrm/Tloc      #.........   45%         2    ###....
 Song of Slaying          Chrm           #.......     45%         2    ###....
 Sticks to Snakes         Tmut           #.......     45%         2    ###....
 Sublimation of Blood     Necr           #.........   45%         2    ###....
 Throw Flame              Conj/Fire      #.....       45%         2    ###....
 Throw Frost              Conj/Ice       #.....       45%         2    ###....
 Call Canine Familiar     Summ           #.......     71%         3    ####...
 Confuse                  Hex            #.......     71%         3    ####...
 Conjure Flame            Conj/Fire      #.......     71%         3    ####...
 Gell's Gravitas          Tloc           #.........   71%         3    ####...
 Ignite Poison            Fire/Tmut/Pois #.......     71%         3    ####...
 Inner Flame              Hex/Fire       #.......     71%         3    ####...
 Lesser Beckoning         Tloc           #.........   71%         3    ####...
 Mephitic Cloud           Conj/Pois/Air  #.......     71%         3    ####...
 Recall                   Summ/Tloc      N/A          71%         3    ####...
 Regeneration             Chrm/Necr      #.........   71%         3    ####...
 Spider Form              Tmut/Pois      #.........   71%         3    ####...
 Static Discharge         Conj/Air       #.......     71%         3    ####...
 Summon Guardian Golem    Hex/Summ       #.......     71%         3    ####...
 Teleport Other           Tloc           #.......     71%         3    ####...
 Tukima's Dance           Hex            #.......     71%         3    ####...
 Vampiric Draining        Necr           #.........   71%         3    ####...
 Animate Dead             Necr           N/A          98%         4    #####..
 Cause Fear               Hex            #.........   98%         4    #####..
 Ice Form                 Ice/Tmut       #.......     98%         4    #####..
 Olgreb's Toxic Radiance  Pois           #.......     98%         4    #####..
 Passage of Golubria      Tloc           N/A          98%         4    #####..
 Petrify                  Tmut/Erth      #.......     98%         4    #####..
 Sticky Flame             Conj/Fire      #.......     98%         4    #####..
 Summon Ice Beast         Ice/Summ       #.......     98%         4    #####..
 Summon Lightning Spire   Summ/Air       #.......     98%         4    #####..
 Alistair's Intoxication  Tmut/Pois      #.......     100%        5    ######.
 Aura of Abjuration       Summ           #.........   100%        5    ######.
 Blade Hands              Tmut           #.........   100%        5    ######.
 Bolt of Magma            Conj/Fire/Erth #.........   100%        5    ######.
 Fireball                 Conj/Fire      #.........   100%        5    ######.
 Irradiate                Conj/Tmut      #.........   100%        5    ######.
 Iskenderun's Battlesphe  Conj/Chrm      #.......     100%        5    ######.
 Lightning Bolt           Conj/Air       #.........   100%        5    ######.
 Metabolic Englaciation   Hex/Ice        #.........   100%        5    ######.
 Silence                  Hex/Air        #.........   100%        5    ######.
 Summon Demon             Summ           #.........   100%        5    ######.
 Summon Forest            Summ/Tloc      #.........   100%        5    ######.
 Summon Mana Viper        Hex/Summ       #.......     100%        5    ######.
 Venom Bolt               Conj/Pois      #.........   100%        5    ######.
 Yara's Violent Unravell  Hex/Tmut       #.........   100%        5    ######.
 Bolt of Cold             Conj/Ice       #.........   100%        6    #######
 Conjure Ball Lightning   Conj/Air       #.........   100%        6    #######
 Deflect Missiles         Chrm/Air       #.........   100%        6    #######
 Dispersal                Tloc           #.........   100%        6    #######
 Freezing Cloud           Conj/Ice/Air   #.........   100%        6    #######
 Hydra Form               Tmut           #.........   100%        6    #######
 Invisibility             Hex            #.......     100%        6    #######
 Iron Shot                Conj/Erth      #.........   100%        6    #######
 Ozocubu's Refrigeration  Ice            #.........   100%        6    #######
 Shadow Creatures         Summ           N/A          100%        6    #######
 Simulacrum               Ice/Necr       #.........   100%        6    #######
 Statue Form              Tmut/Erth      #........    100%        6    #######
 Dragon Form              Tmut           #.........   100%        7    #######
 Summon Hydra             Summ           #.........   100%        7    #######
 Ignition                 Fire           #.........   100%        8    #######
 Shatter                  Erth           #.........   100%        9    #######
 Tornado                  Air            #.........   100%        9    #######
 Portal Projectile        Hex/Tloc       Unusable     N/A         3    N/A
 Spectral Weapon          Hex/Chrm       Unusable     N/A         3    N/A

Dungeon Overview and Level Annotations

Branches:
Dungeon (15/15)            Temple (0/1) D:4            Lair (6/6) D:11
  Swamp (4/4) Lair:4        Snake (4/4) Lair:4        Slime (0/5) Lair:5
    Orc (2/2) D:11            Elf (3/3) Orc:2        Vaults (4/5) D:14
  Crypt (1/3) Vaults:3     Depths (5/5) D:15            Zot (5/5) Depths:5

Altars:
Elyvilon
Fedhas
Makhleb
Okawaru
Qazlal
Vehumet
Xom
Yredelemnul
Zin
Beogh

Shops:
D:8 **   Orc:2 *?[}   Elf:1 %*   Elf:3 %   Snake:1 :   Snake:4 (   Vaults:2 %
Depths:1 ((}(   Depths:4 =}=

Portals:
Hell: Depths:1 Depths:2 Depths:3 Depths:4 Depths:5
Abyss: Depths:2
Pandemonium: Orc:2 Depths:3 Depths:4
Ziggurat: Depths:2
Bazaar: Depths:1

Annotations:
Lair:6 9 exclusions, Urug
Swamp:1 3 runed translucent doors, Gazerockf's ghost, journeyman GrFi; KeeTraxx's ghost, journeyman KoGl; diana's ghost, journeyman DsGl
Snake:1 2 exclusions, Nikola
Snake:2 Saint Roka
Snake:3 3 runed translucent doors
Elf:2 5 runed translucent doors
Vaults:3 exclusion: 3 doors, Sojobo
Vaults:4 3 runed translucent doors, Ugguttuj's ghost, veteran DrWn
Crypt:1 Mennas
Depths:1 exclusions: 2 vampire knights and 1 more exclusion
Depths:2 exclusions: caustic shrike, deep elf demonologist, fire giant, frost giant, stone giant and 3 more exclusions
Depths:3 exclusion: 2 obsidian statues
Depths:4 5 exclusions
Zot:1 2 transporters
Zot:5 2 runed translucent doors, Juzit's ghost, legendary GnFi


Innate Abilities, Weirdness & Mutations

You cannot wear armour.
You are incapable of wielding weapons or throwing items.
Your paws allow you to move quietly. (Stealth)
You have sharp claws.
You have razor-sharp teeth.
You have supernaturally acute eyesight. (SInv)
You are carnivorous and can eat meat at any time.
You cover ground quickly.
Your thick and shaggy fur keeps you warm. (AC +3, rC+)
You have a slow metabolism.
Your sharp claws are effective at attacking unaware monsters.
Your magical capacity is low. (-10% MP)
Your spells are a little easier to cast, but a little less powerful.


Message History

Warning x2: The orb of fire can cast Fireball and Bolt of Fire, and mutate you!
You are not wearing rMut!
The electric golem is fast, has electric attacks, and blinks!
You are not wearing rElec!
Unknown command.
Warning x2: The orb of fire can cast Fireball and Bolt of Fire, and mutate you!
You are not wearing rMut!
The electric golem is fast, has electric attacks, and blinks!
You are not wearing rElec!
Unknown command.
Warning x2: The orb of fire can cast Fireball and Bolt of Fire, and mutate you!
You are not wearing rMut!
The electric golem is fast, has electric attacks, and blinks!
You are not wearing rElec!
Unknown command.
Warning x2: The orb of fire can cast Fireball and Bolt of Fire, and mutate you!
You are not wearing rMut!
The electric golem is fast, has electric attacks, and blinks!
You are not wearing rElec!
Unknown command.
Warning x2: The orb of fire can cast Fireball and Bolt of Fire, and mutate you!
You are not wearing rMut!
The electric golem is fast, has electric attacks, and blinks!
You are not wearing rElec!
Unknown command.
Warning x2: The orb of fire can cast Fireball and Bolt of Fire, and mutate you!
You are not wearing rMut!
The electric golem is fast, has electric attacks, and blinks!
You are not wearing rElec!
Unknown command.
Warning x2: The orb of fire can cast Fireball and Bolt of Fire, and mutate you!
You are not wearing rMut!
The electric golem is fast, has electric attacks, and blinks!
You are not wearing rElec!
Unknown command.
Warning x2: The orb of fire can cast Fireball and Bolt of Fire, and mutate you!
You are not wearing rMut!
The electric golem is fast, has electric attacks, and blinks!
You are not wearing rElec!
Unknown command.
Warning x2: The orb of fire can cast Fireball and Bolt of Fire, and mutate you!
You are not wearing rMut!
The electric golem is fast, has electric attacks, and blinks!
You are not wearing rElec!
Unknown command.
Warning x2: The orb of fire can cast Fireball and Bolt of Fire, and mutate you!
You are not wearing rMut!
The electric golem is fast, has electric attacks, and blinks!
You are not wearing rElec!
Unknown command.
Warning x2: The orb of fire can cast Fireball and Bolt of Fire, and mutate you!
You are not wearing rMut!
The electric golem is fast, has electric attacks, and blinks!
You are not wearing rElec!
Unknown command.
Warning x2: The orb of fire can cast Fireball and Bolt of Fire, and mutate you!
You are not wearing rMut!
The electric golem is fast, has electric attacks, and blinks!
You are not wearing rElec!
You feel much better. The Orb Guardian completely misses you.
The electric golem blinks!
The black draconian breathes lightning at you.
The bolt of lightning misses you.
The bolt of lightning hits your ghost moth!
The bolt of lightning misses your ghost moth.
The bolt of lightning misses you.
The bolt of lightning misses the black draconian.
You regained 32 hp, and now have 36/126 hp.
Warning x2: The orb of fire can cast Fireball and Bolt of Fire, and mutate you!
You are not wearing rMut!
The electric golem is fast, has electric attacks, and blinks!
You are not wearing rElec!
Unknown command.
Warning x2: The orb of fire can cast Fireball and Bolt of Fire, and mutate you!
You are not wearing rMut!
The electric golem is fast, has electric attacks, and blinks!
You are not wearing rElec!
Unknown command.
Warning x2: The orb of fire can cast Fireball and Bolt of Fire, and mutate you!
You are not wearing rMut!
The electric golem is fast, has electric attacks, and blinks!
You are not wearing rElec!
Unknown command.
Warning x2: The orb of fire can cast Fireball and Bolt of Fire, and mutate you!
You are not wearing rMut!
The electric golem is fast, has electric attacks, and blinks!
You are not wearing rElec!
Unknown command.
Warning x2: The orb of fire can cast Fireball and Bolt of Fire, and mutate you!
You are not wearing rMut!
The electric golem is fast, has electric attacks, and blinks!
You are not wearing rElec!
Unknown command.
Warning x2: The orb of fire can cast Fireball and Bolt of Fire, and mutate you!
You are not wearing rMut!
The electric golem is fast, has electric attacks, and blinks!
You are not wearing rElec!
Unknown command.
Warning x2: The orb of fire can cast Fireball and Bolt of Fire, and mutate you!
You are not wearing rMut!
The electric golem is fast, has electric attacks, and blinks!
You are not wearing rElec!
The Orb Guardian hits you!!
* * * LOW HITPOINT WARNING * * *
The black draconian completely misses you.
The electric golem completely misses you. x2
The electric golem closely misses you.
The electric golem completely misses you.
Your ghost moth stares at the black draconian.
Your ghost moth barely misses the black draconian.
Your ghost moth hits the black draconian.
Your ghost moth stings the black draconian but does no damage.
Unknown command.
You take 31 damage, and have 5/126 hp.
MASSIVE DAMAGE!!
Warning x2: The orb of fire can cast Fireball and Bolt of Fire, and mutate you!
You are not wearing rMut!
The electric golem is fast, has electric attacks, and blinks!
You are not wearing rElec!
Unknown command.
Warning x2: The orb of fire can cast Fireball and Bolt of Fire, and mutate you!
You are not wearing rMut!
The electric golem is fast, has electric attacks, and blinks!
You are not wearing rElec!
Unknown command.
Warning x2: The orb of fire can cast Fireball and Bolt of Fire, and mutate you!
You are not wearing rMut!
The electric golem is fast, has electric attacks, and blinks!
You are not wearing rElec!
Unknown command.
Warning x2: The orb of fire can cast Fireball and Bolt of Fire, and mutate you!
You are not wearing rMut!
The electric golem is fast, has electric attacks, and blinks!
You are not wearing rElec!
Unknown command.
Warning x2: The orb of fire can cast Fireball and Bolt of Fire, and mutate you!
You are not wearing rMut!
The electric golem is fast, has electric attacks, and blinks!
You are not wearing rElec!
Unknown command.
Warning x2: The orb of fire can cast Fireball and Bolt of Fire, and mutate you!
You are not wearing rMut!
The electric golem is fast, has electric attacks, and blinks!
You are not wearing rElec!
Unknown command.
Warning x2: The orb of fire can cast Fireball and Bolt of Fire, and mutate you!
You are not wearing rMut!
The electric golem is fast, has electric attacks, and blinks!
You are not wearing rElec!
Unknown command.
Warning x2: The orb of fire can cast Fireball and Bolt of Fire, and mutate you!
You are not wearing rMut!
The electric golem is fast, has electric attacks, and blinks!
You are not wearing rElec!
Unknown command.
Warning x2: The orb of fire can cast Fireball and Bolt of Fire, and mutate you!
You are not wearing rMut!
The electric golem is fast, has electric attacks, and blinks!
You are not wearing rElec!
Unknown command.
Warning x2: The orb of fire can cast Fireball and Bolt of Fire, and mutate you!
You are not wearing rMut!
The electric golem is fast, has electric attacks, and blinks!
You are not wearing rElec!
Really walk into that dispersal trap?
You enter a dispersal trap!
The Killer Klown blinks!
Your ghost moth blinks!
The white draconian blinks!
The Orb Guardian blinks!
The black draconian blinks!
The electric golem blinks!
The Orb Guardian blinks! x2
The orb of fire blinks!
The Orb Guardian blinks!
The Killer Klown blinks!
The Orb Guardian blinks!
Your troll blinks!
The white draconian blinks!
You blink.
The black draconian breathes lightning at you.
The bolt of lightning misses you.
The bolt of lightning hits the electric golem.
The electric golem completely resists.
The Killer Klown barely misses you.
Warning x3: The orb of fire can cast Fireball and Bolt of Fire, and mutate you!
You are not wearing rMut!
The golden dragon can hit for high damage in melee!
The electric golem is fast, has electric attacks, and blinks!
You are not wearing rElec!
Unknown command.
Warning x3: The orb of fire can cast Fireball and Bolt of Fire, and mutate you!
You are not wearing rMut!
The golden dragon can hit for high damage in melee!
The electric golem is fast, has electric attacks, and blinks!
You are not wearing rElec!
Unknown command.
Warning x3: The orb of fire can cast Fireball and Bolt of Fire, and mutate you!
You are not wearing rMut!
The golden dragon can hit for high damage in melee!
The electric golem is fast, has electric attacks, and blinks!
You are not wearing rElec!
Unknown command.
Warning x3: The orb of fire can cast Fireball and Bolt of Fire, and mutate you!
You are not wearing rMut!
The golden dragon can hit for high damage in melee!
The electric golem is fast, has electric attacks, and blinks!
You are not wearing rElec!
You feel much better. The Orb Guardian completely misses you.
The Orb Guardian barely misses you.
The Killer Klown headlocks you with a +8 club of electrocution!!
You die...

.......#............=.....#...#
##.########▓▓▓▓################
..^.).....# ##.^.........,,,**
.........## ##............,,,,**
.........# ##.............,,,,,*
........## #d.....§^T..^..,,,,,,
........# #..............,,,,,,
........## #...*§§........,,,,,,
....)..).# #..X@p....^....,,,,,,
.......))## #.§§XX....../..,,,,,,
..).......###.§§§X.........,,,,,,
########...###§.y.§8....^..,,,,,*
##....##§....§......,,,,**
###........§.D.....,,,**
#▓▓▓▓▓▓▓▓▓▓▓##X..,,**
****,,,,,,,,,...,,,**
***,,,,,,,,,,,,,..,,,,**


You could see an orb of fire, a Killer Klown, an electric golem, a golden
dragon, a black draconian, 4 Orb Guardians, a friendly ghost moth (invisible)
and a friendly troll (berserk).

Vanquished Creatures
  An ancient lich (Zot:5)
  Margery (Depths:5)
  Bai Suzhen (Depths:1)
  5 curse toes
  7 golden dragons
  2 bone dragons
  6 tentacled monstrosities
  2 liches
  Rupert (Lair:3)
  Jorgrun (Swamp:1)
  A titan (Depths:3)
  7 Orb Guardians (Zot:5)
  A quicksilver dragon (shapeshifter) (Depths:3)
  5 quicksilver dragons
  2 deep elf blademasters (Elf:3)
  6 death cobs
  An Executioner (Abyss:3)
  4 sphinxes
  Frances (Swamp:2)
  6 tentacled starspawn
  3 thorn hunters
  12 shadow dragons
  A draconian monk (Zot:2)
  8 storm dragons
  Donald (Swamp:1)
  10 nagarajas
  3 tengu reavers
  An iron dragon (Elf:1)
  6 fire giants
  3 draconian scorchers
  11 vault wardens
  4 deep elf sorcerers
  7 draconian shifters
  2 ghost moths
  12 draconian knights
  A ghost moth (shapeshifter) (Vaults:2)
  6 frost giants
  5 draconian stormcallers
  2 ghouls
  A curse skull (Vaults:3)
  A reaper (Abyss:2)
  An angel (Abyss:3)
  7 deep elf elementalists (Elf:3)
  20 stone giants
  8 war gargoyles
  2 ophanim (Abyss:3)
  7 draconian annihilators
  A stone giant (shapeshifter) (Depths:3)
  22 ironheart preservers
  34 very ugly things
  2 vampire knights
  7 deep elf demonologists
  10 green draconians
  13 deep elf annihilators
  12 purple draconians
  9 red draconians
  A spark wasp (shapeshifter) (Depths:3)
  5 black draconians
  18 yellow draconians
  13 white draconians
  The ghost of sergedm the Eclecticist, a journeyman DECj of Vehumet (D:15)
  A blizzard demon (Abyss:2)
  5 deep elf death magi
  7 ettins
  A green death (Abyss:3)
  Snorg (Orc:1)
  Josephine (D:15)
  12 crystal guardians
  2 eidola
  A fire dragon (shapeshifter) (Depths:3)
  3 merfolk impalers
  4 deep elf high priests
  6 great orbs of eyes
  7 fire dragons
  10 yaktaur captains
  Fannar (Lair:1)
  10 rakshasas
  13 naga warriors
  8 vault guards
  23 hydras
  Harold (D:11)
  2 shambling mangroves (Swamp:4)
  12 ice dragons
  2 spriggan air magi
  2 ghost crabs
  7 anacondas
  12 centaur warriors
  A two-headed ogre (shapeshifter) (Depths:3)
  7 death knights
  4 deep troll shamans
  A merfolk avatar (Lair:6)
  23 dancing weapons
  4 death yaks (Lair:2)
  12 ogre magi
  4 tengu warriors
  11 alligators
  A hell hog (Abyss:2)
  32 two-headed ogres
  6 deep troll earth magi
  A vampire mage (Depths:1)
  The ghost of Zanta616 the Nimble, a journeyman SpVM of Gozag (Orc:1)
  The ghost of Goblin1989 the Chiller, a novice DsIE of Vehumet (D:10)
  9 naga sharpshooters
  4 orc high priests (Orc:2)
  7 thrashing horrors
  13 hell knights
  7 spriggan berserkers
  2 sun demons
  An iron golem (Depths:3)
  The ghost of GuyDeFluk the Covert, a journeyman SpEn of Dithmenos (D:11)
  A fire crab (shapeshifter) (Depths:2)
  3 wretched stars
  24 deep elf knights
  An iron troll (Depths:1)
  A shadow wraith (Vaults:2)
  10 sea snakes
  A sixfirhy (Orc:1)
  2 salamander mystics
  2 spatial maelstroms (Abyss:3)
  12 unseen horrors
  6 skeletal warriors
  2 wizards
  A gelid demonspawn (Orc:2)
  A sea snake (shapeshifter) (Depths:4)
  8 swamp dragons
  An infernal demonspawn (Orc:2)
  8 glowing orange brains
  An unseen horror (shapeshifter) (D:15)
  A spriggan druid (Swamp:4)
  7 naga ritualists
  28 deep trolls
  28 deep elf archers
  12 starcursed masses (Abyss:3)
  A necromancer (Depths:1)
  2 obsidian statues (Depths:3)
  5 phantasmal warriors
  10 ironbrand convokers
  10 mana vipers
  5 cyclopes
  2 wolf spiders (shapeshifter) (Depths:3)
  9 orc sorcerers
  A faun (Snake:3)
  62 deep elf magi
  10 harpies
  20 orc knights
  2 wolf spiders
  43 ugly things
  8 manticores
  8 salamanders
  A manticore (shapeshifter) (Depths:3)
  2 worldbinders (Abyss:3)
  17 large abominations
  A salamander (shapeshifter) (Vaults:2)
  2 centaur zombies
  6 elephants
  An iron dragon skeleton (Abyss:1)
  A guardian serpent (shapeshifter) (Depths:5)
  20 moths of wrath
  43 black mambas
  2 molten gargoyles (Depths:3)
  7 smoke demons
  7 gargoyles
  11 vault sentinels
  9 guardian serpents
  2 orange demons
  A spiny frog (shapeshifter) (Vaults:1)
  24 spiny frogs
  23 naga magi
  8 freezing wraiths
  A kobold demonologist (D:13)
  14 komodo dragons
  A demonic crawler (Abyss:3)
  A hellion (Abyss:3)
  A tormentor (Abyss:2)
  An iron troll zombie (Crypt:1)
  43 yaktaurs
  4 rime drakes
  A hellwing (Abyss:3)
  A tengu conjurer (D:15)
  3 ancient zymes
  18 hornets
  2 red devils
  3 ice devils (Orc:2)
  A merfolk (shapeshifter) (Depths:3)
  A queen bee (shapeshifter) (D:15)
  5 trolls
  A polar bear (shapeshifter) (Depths:3)
  15 tyrant leeches
  6 polar bears
  8 raiju (Abyss:3)
  3 bog bodies (Swamp:4)
  A hornet (shapeshifter) (Depths:3)
  51 slime creatures
  12 hippogriffs
  A wolf spider simulacrum (D:15)
  8 blink frogs
  5 wind drakes (Depths:3)
  A dream sheep (Lair:5)
  A hippogriff (shapeshifter) (Depths:3)
  5 spriggans
  3 shadows
  A stone giant simulacrum (Vaults:1)
  A tarantella (shapeshifter) (Vaults:3)
  A redback (shapeshifter) (Vaults:2)
  11 air elementals
  An orc simulacrum (Vaults:2)
  4 vampires
  2 ynoxinuls (Abyss:3)
  9 water elementals
  23 yaks
  A spriggan (shapeshifter) (Vaults:3)
  6 wyverns
  5 chaos spawn
  15 wraiths
  2 yaks (shapeshifter)
  8 fire elementals
  A golden eye (Abyss:3)
  3 basilisks
  A fire bat (Abyss:2)
  10 vampire mosquitoes
  A steam dragon (Snake:2)
  3 hungry ghosts
  9 neqoxecs
  3 spatial vortices (Abyss:3)
  A harpy simulacrum (D:15)
  9 insubstantial wisps
  53 nagas
  6 wargs
  13 swamp worms
  3 acid dragons
  A floating eye (shapeshifter) (Depths:3)
  An acid dragon (shapeshifter) (Depths:3)
  A hell hound (Abyss:2)
  10 water moccasins
  11 porcupines
  A floating eye (Depths:2)
  A black bear (shapeshifter) (Vaults:2)
  11 swamp drakes
  51 orc warriors
  5 ice beasts
  An eye of draining (shapeshifter) (D:13)
  7 sky beasts
  3 phantoms
  A black bear (D:10)
  36 ogres
  A necrophage (D:13)
  A wolf (shapeshifter) (Depths:3)
  9 wolves
  A tengu (shapeshifter) (Depths:3)
  7 boggarts
  14 centaurs
  13 crocodiles
  A crocodile (shapeshifter) (Depths:3)
  3 big kobolds
  9 earth elementals
  25 bullfrogs
  An elf skeleton (D:13)
  3 gnoll sergeants
  A wyvern zombie (D:12)
  A wyvern skeleton (D:8)
  16 small abominations
  5 scorpions
  16 killer bees
  An electric eel (Lair:4)
  14 wights
  4 howler monkeys
  11 crimson imps
  A bullfrog zombie (D:11)
  7 quasits
  A yaktaur simulacrum (Vaults:1)
  4 bullfrog skeletons
  7 human zombies (D:13)
  34 orc priests
  5 hounds
  8 jellies
  30 orc wizards
  3 centaur skeletons
  An iron imp (Abyss:2)
  Jessica (D:3)
  2 iguanas
  17 worker ants
  2 hound zombies
  A hound skeleton (D:6)
  A mummy (D:13)
  A howler monkey zombie (D:11)
  16 gnolls
  A river rat (Snake:3)
  12 adders
  6 shadow imps
  5 white imps
  3 ufetubi
  An adder zombie (D:9)
  An adder skeleton (D:8)
  2 worms
  2 ball lightnings (Depths:3)
  A dart slug (D:2)
  3 leopard geckos
  111 orcs
  8 bats
  3 giant cockroaches
  6 goblins
  8 hobgoblins
  21 jackals
  3 quokkas
  2 ball pythons
  8 frilled lizards
  14 kobolds
  An orc zombie (D:13)
  A quokka skeleton (D:5)
  7 rats
  A briar patch (Swamp:4)
  2 lurking horrors (Abyss:3)
  3 starspawn tentacles (Abyss:2)
2312 creatures vanquished.

Vanquished Creatures (collateral kills)
  An orb of fire (Zot:5)
  A juggernaut (Abyss:3)
  Asterion (Snake:1)
  2 deep elf master archers (Elf:3)
  A tentacled starspawn (Abyss:3)
  A tengu reaver (Depths:3)
  2 shadow dragons
  A fire giant (Depths:4)
  2 vault wardens (Vaults:3)
  An orc warlord (Vaults:4)
  A deep elf sorcerer (Elf:3)
  Aizul (Snake:1)
  2 draconian shifters
  A balrug (Abyss:3)
  A draconian stormcaller (Zot:3)
  An ironheart preserver (Vaults:4)
  6 very ugly things
  2 deep elf annihilators (Elf:3)
  2 deep elf death magi (Elf:3)
  A blizzard demon (Depths:3)
  A fire dragon (Depths:2)
  A crystal guardian (Depths:3)
  2 yaktaur captains
  4 hydras
  4 vault guards
  3 rakshasas
  A catoblepas (Lair:5)
  2 centaur warriors
  The ghost of ohad the Martial Artist, a journeyman OpTm of Gozag (Lair:1)
  3 dancing weapons
  A naga sharpshooter (Snake:3)
  An orc high priest (Orc:2)
  A sun demon (Abyss:3)
  2 deep elf knights (Vaults:3)
  A skeletal warrior (Depths:4)
  2 sea snakes (Snake:4)
  2 cherubim (Abyss:3)
  A gelid demonspawn (Orc:2)
  2 glowing orange brains
  3 deep elf archers
  4 swamp dragons (Swamp:4)
  3 ironbrand convokers
  3 ugly things
  A wolf spider (Vaults:1)
  A moth of wrath (Zot:5)
  5 deep elf magi
  A guardian serpent (Snake:4)
  A moth of wrath (shapeshifter) (Depths:3)
  3 large abominations
  2 manticores (Lair:6)
  3 elephants
  A black mamba (Snake:4)
  6 yaktaurs
  2 komodo dragons (Lair:6)
  A wind drake (Lair:6)
  A hornet (Swamp:2)
  A shadow (Swamp:1)
  4 starcursed masses (Abyss:3)
  A spriggan (shapeshifter) (Depths:3)
  A ynoxinul (Abyss:3)
  A water elemental (Depths:4)
  A fire elemental (Depths:3)
  2 vampire mosquitoes (Swamp:3)
  An insubstantial wisp (Depths:3)
  3 small abominations
  2 nagas
  2 orc warriors
  A swamp drake (Swamp:4)
  A wolf (Lair:6)
  A centaur (D:7)
  A quasit (Abyss:3)
  An orc priest (Orc:2)
  An orc wizard (D:7)
  2 orcs (Vaults:4)
134 creatures vanquished.

Vanquished Creatures (others)
  A shadow dragon (Zot:4)
  A thrashing horror (Abyss:3)
  A deep elf knight (Elf:2)
  2 deep elf magi
  A water elemental (Elf:3)
  An insubstantial wisp (Swamp:2)
  A naga (Snake:3)
  A crimson imp (D:12)
  A quasit (Abyss:2)
  11 ball lightnings (Depths:3)
  An orc (Elf:1)
  A quokka (D:15)
  A briar patch (Swamp:4)
  16 fungi
  51 plants
  17 starspawn tentacles
  4 withered plants (Swamp:1)
112 creatures vanquished.

Grand Total: 2558 creatures vanquished

Notes
Turn   | Place    | Note
-------+----------+-------------------------------------------
     0 | D:1      | Mgcat the Felid Berserker began the quest for the Orb.
     0 | D:1      | Reached XP level 1. HP: 10/10 MP: 2/2
    22 | D:1      | Reached skill level 1 in Stealth
   223 | D:1      | Reached skill level 2 in Stealth
   276 | D:1      | Reached XP level 2. HP: 14/14 MP: 3/3
   451 | D:1      | Reached skill level 3 in Stealth
   876 | D:2      | Reached skill level 4 in Stealth
   882 | D:2      | Reached XP level 3. HP: 14/17 MP: 4/4
  1164 | D:2      | Reached ** piety under Trog
  1619 | D:2      | Reached skill level 5 in Stealth
  2012 | D:1      | Reached XP level 4. HP: 21/21 MP: 5/5
  2307 | D:3      | Noticed Jessica
  2321 | D:3      | Killed Jessica
  2571 | D:3      | Reached XP level 5. HP: 22/24 MP: 6/6
  2976 | D:3      | Reached *** piety under Trog
  3088 | D:3      | Found a burning altar of Makhleb.
  3088 | D:3      | Noticed an Executioner
  3625 | D:4      | Reached skill level 5 in Dodging
  3692 | D:4      | Found a staircase to the Ecumenical Temple.
  3728 | D:4      | Reached skill level 4 in Fighting
  3728 | D:4      | Reached skill level 4 in Unarmed Combat
  3728 | D:4      | Gained mutation: You are covered in thick fur. (AC +2)
                  | [Felid growth]
  3728 | D:4      | Reached XP level 6. HP: 28/28 MP: 7/7
  4065 | D:4      | HP: 7/28 [orc priest/divine providence (14)]
  4336 | D:5      | Entered Level 5 of the Dungeon
  4373 | D:5      | Found a radiant altar of Vehumet.
  4373 | D:5      | Noticed a sky beast
  4380 | D:5      | Killed a sky beast
  4380 | D:5      | Reached skill level 5 in Fighting
  4380 | D:5      | Reached skill level 5 in Unarmed Combat
  4380 | D:5      | Reached XP level 7. HP: 33/33 MP: 8/8
  4382 | D:5      | Noticed a hippogriff
  4414 | D:4      | Reached skill level 6 in Stealth
  4718 | D:5      | Reached skill level 7 in Stealth
  4942 | D:5      | Killed a hippogriff
  4942 | D:5      | Reached skill level 9 in Stealth
  5154 | D:5      | Reached XP level 8. HP: 37/37 MP: 9/9
  5178 | D:5      | Reached **** piety under Trog
  5526 | D:6      | Reached skill level 10 in Stealth
  5565 | D:6      | Reached skill level 6 in Dodging
  6328 | D:7      | Reached skill level 6 in Fighting
  6328 | D:7      | Reached skill level 6 in Unarmed Combat
  6547 | D:7      | Reached skill level 7 in Dodging
  6904 | D:7      | Reached XP level 9. HP: 33/42 MP: 10/10
  8098 | D:7      | Reached skill level 8 in Dodging
  8537 | D:6      | Found a stormy altar of Qazlal.
  8686 | D:5      | Reached skill level 7 in Fighting
  8686 | D:5      | Reached skill level 11 in Stealth
  8721 | D:5      | Reached skill level 7 in Unarmed Combat
  8967 | D:8      | Found Guiloo Uxof's General Store.
  8976 | D:8      | Bought a scroll of teleportation for 30 gold pieces
  8976 | D:8      | Bought a scroll of teleportation for 30 gold pieces
  8986 | D:8      | Found Zin's Purification Station.
  8988 | D:8      | Found a glowing silver altar of Zin.
  9606 | D:8      | Reached skill level 9 in Dodging
  9804 | D:9      | Noticed a gargoyle
  9856 | D:9      | Reached XP level 10. HP: 47/47 MP: 11/11
 10034 | D:9      | Reached skill level 1 in Evocations
 10081 | D:9      | Found a shimmering altar of Xom.
 10082 | D:9      | Found a shimmering altar of Xom.
 10410 | D:9      | HP: 12/48 [poisoned by a scorpion]
 10711 | D:9      | Reached skill level 2 in Evocations
 10736 | D:9      | Reached skill level 12 in Stealth
 11345 | D:10     | Entered Level 10 of the Dungeon
 11455 | D:10     | Reached skill level 8 in Fighting
 11635 | D:10     | Noticed a brown ugly thing
 11636 | D:10     | Found a runed translucent gate.
 11636 | D:10     | Noticed a tengu warrior
 11641 | D:10     | Found a runed translucent gate.
 11641 | D:10     | Found a runed translucent gate.
 11641 | D:10     | Noticed Goblin1989's ghost (novice DsIE)
 11745 | D:10     | Reached skill level 8 in Unarmed Combat
 11969 | D:10     | Noticed a two-headed ogre
 11975 | D:10     | Killed a two-headed ogre
 11975 | D:10     | Reached skill level 3 in Evocations
 12189 | D:11     | Found a staircase to the Orcish Mines.
 12190 | D:11     | Reached skill level 10 in Dodging
 12219 | D:11     | Found a transporter.
 12223 | D:11     | Noticed GuyDeFluk's ghost (journeyman SpEn)
 12249 | D:11     | Noticed Harold
 12466 | D:11     | Noticed a manticore
 12480 | D:11     | Killed a manticore
 12480 | D:11     | Reached skill level 4 in Evocations
 12703 | D:11     | Found a transporter.
 12717 | D:11     | Reached ***** piety under Trog
 12982 | D:11     | Found a staircase to the Lair.
 13247 | D:8      | HP: 16/73 [killer bee (3)]
 13252 | D:8      | HP: 15/73 [poisoned by a killer bee]
 13257 | D:8      | Reached XP level 11. HP: 13/52 MP: 15/15
 13257 | D:8      | HP: 13/78 [poisoned by a killer bee]
 13262 | D:8      | HP: 9/52 [poisoned by a killer bee]
 13267 | D:8      | HP: 11/52 [poisoned by a killer bee]
 13929 | D:9      | Noticed an unseen horror
 14190 | D:9      | Killed an unseen horror
 14190 | D:9      | Reached skill level 13 in Stealth
 14389 | D:9      | Noticed a rakshasa
 14424 | D:9      | Reached skill level 9 in Fighting
 14427 | D:9      | Reached skill level 9 in Unarmed Combat
 14427 | D:9      | Reached skill level 5 in Evocations
 14454 | D:9      | Noticed a two-headed ogre
 14681 | D:9      | HP: 10/53 [rakshasa/+0 trident (24)]
 14682 | D:9      | Killed a rakshasa
 14682 | D:9      | Reached skill level 11 in Dodging
 14689 | D:9      | Slain by a wyvern
 14690 | D:9      | Reached XP level 10. HP: -1/49 MP: 14/14
 15131 | Lair:1   | Entered Level 1 of the Lair of Beasts
 15309 | Lair:1   | Noticed Fannar
 15328 | Lair:1   | Killed Fannar
 15675 | Lair:1   | Found a blossoming altar of Fedhas.
 15698 | Lair:1   | Noticed an oklob plant
 15807 | Lair:1   | Noticed a spiny frog
 15814 | Lair:1   | Killed a spiny frog
 15995 | Lair:1   | Found a runed translucent gate.
 15995 | Lair:1   | Noticed a nine-headed hydra
 16006 | Lair:1   | Found a runed translucent gate.
 16007 | Lair:1   | Found a runed translucent gate.
 16239 | Lair:2   | Noticed a death yak
 16239 | Lair:2   | Noticed a death yak
 16250 | Lair:2   | Noticed a spiny frog
 16255 | Lair:2   | Killed a spiny frog
 16396 | Lair:2   | Reached XP level 11. HP: 53/53 MP: 15/15
 17203 | Lair:3   | Reached skill level 12 in Dodging
 17212 | Lair:3   | Reached skill level 10 in Fighting
 17222 | Lair:3   | Reached skill level 10 in Unarmed Combat
 17439 | Lair:3   | Noticed Rupert
 18099 | Lair:3   | Killed Rupert
 18849 | Lair:4   | Reached skill level 13 in Dodging
 18922 | Lair:4   | Found a staircase to the Snake Pit.
 19194 | Lair:4   | Found a staircase to the Swamp.
 19198 | Lair:4   | Noticed a six-headed hydra
 19216 | Lair:4   | Killed a six-headed hydra
 19216 | Lair:4   | Gained mutation: Your thick and shaggy fur keeps you warm.
                  | (AC +3, rC+) [Felid growth]
 19216 | Lair:4   | Reached XP level 12. HP: 59/59 MP: 16/16
 19259 | Lair:4   | Reached skill level 11 in Fighting
 19262 | Lair:4   | Reached skill level 11 in Unarmed Combat
 19993 | Lair:4   | Noticed a six-headed hydra
 20182 | Lair:5   | Noticed a five-headed hydra
 20191 | Lair:5   | Killed a five-headed hydra
 20301 | Lair:5   | Noticed a catoblepas
 20636 | Lair:5   | Noticed a four-headed hydra
 20643 | Lair:5   | Killed a four-headed hydra
 20643 | Lair:5   | Reached skill level 14 in Dodging
 21161 | Lair:5   | Found a staircase to the Slime Pits.
 21230 | Lair:5   | Killed a catoblepas
 21378 | Lair:6   | Entered Level 6 of the Lair of Beasts
 21684 | Lair:5   | Found a staircase to the Slime Pits.
 22130 | Lair:6   | Noticed an eight-headed hydra
 22228 | Lair:6   | Reached skill level 6 in Evocations
 22452 | Lair:6   | Killed an eight-headed hydra
 22452 | Lair:6   | Reached XP level 13. HP: 31/64 MP: 18/18
 22923 | Lair:6   | Reached skill level 12 in Fighting
 22926 | Lair:6   | Reached skill level 12 in Unarmed Combat
 23197 | Lair:6   | Reached skill level 7 in Evocations
 23645 | Lair:6   | Noticed Urug
 23936 | Lair:6   | Reached skill level 15 in Dodging
 24563 | Orc:1    | Entered Level 1 of the Orcish Mines
 24664 | Orc:1    | You fall through a shaft!
 24664 | Orc:2    | Entered Level 2 of the Orcish Mines
 24711 | Orc:2    | Found a dark tunnel.
 24718 | Volcano  | Entered a volcano
 24867 | Orc:2    | Found a roughly hewn altar of Beogh.
 24937 | Orc:1    | Noticed Snorg
 25015 | Orc:1    | Killed Snorg
 25316 | Orc:1    | You fall through a shaft!
 25316 | Orc:2    | Found a staircase to the Elven Halls.
 25335 | Orc:2    | Reached skill level 8 in Evocations
 26283 | Orc:1    | Found a runed translucent gate.
 26284 | Orc:1    | Found a runed translucent gate.
 26285 | Orc:1    | Found a runed translucent gate.
 26287 | Orc:1    | Noticed Zanta616's ghost (journeyman SpVM)
 27864 | Orc:2    | Found Denkut's Magic Scroll Shop.
 27917 | Orc:2    | Reached skill level 13 in Fighting
 27917 | Orc:2    | Reached skill level 13 in Unarmed Combat
 27961 | Orc:2    | Found Tijorgh's General Store.
 28235 | Orc:2    | Bought a scroll of teleportation for 45 gold pieces
 28235 | Orc:2    | Bought a scroll of identify for 30 gold pieces
 28235 | Orc:2    | Bought a scroll of identify for 30 gold pieces
 28237 | Orc:2    | Bought a scroll of acquirement for 728 gold pieces
 28240 | Orc:2    | Got a faintly glowing tin amulet
 28241 | Orc:2    | Identified the amulet of Hufadur {rF+ rC+ rN+ Regen+} (You
                  | acquired it on level 2 of the Orcish Mines)
 28281 | Orc:2    | Reached XP level 14. HP: 70/70 MP: 21/21
 29062 | Orc:2    | Found Hitz's Gadget Shoppe.
 29062 | Orc:2    | Found a one-way gate leading to the halls of Pandemonium.
 29062 | Orc:2    | Found Kineuck's Antique Armour Emporium.
 29114 | Orc:2    | Bought a wand of acid (6) for 240 gold pieces
 29114 | Orc:2    | Bought a wand of polymorph (8) for 120 gold pieces
 29402 | Swamp:1  | Entered Level 1 of the Swamp
 29402 | Swamp:1  | Noticed Donald
 29412 | Swamp:1  | Killed Donald
 29703 | Swamp:1  | Found a runed translucent gate.
 29703 | Swamp:1  | Found a runed translucent gate.
 29708 | Swamp:1  | Found a runed translucent gate.
 29711 | Swamp:1  | Noticed diana's ghost (journeyman DsGl)
 29712 | Swamp:1  | Noticed Gazerockf's ghost (journeyman GrFi)
 29712 | Swamp:1  | Noticed KeeTraxx's ghost (journeyman KoGl)
 29784 | Swamp:1  | HP: 5/71 [seven-headed hydra (14)]
 30352 | Swamp:1  | Noticed a green very ugly thing
 30371 | Swamp:1  | Reached skill level 14 in Fighting
 30371 | Swamp:1  | Reached skill level 14 in Unarmed Combat
 30582 | Swamp:1  | Killed a green very ugly thing
 30766 | Swamp:1  | Noticed Jorgrun
 30868 | Swamp:2  | Noticed a thorn hunter
 30932 | Snake:1  | Entered Level 1 of the Snake Pit
 30976 | Snake:1  | Noticed Nikola
 31435 | Snake:1  | Reached skill level 9 in Evocations
 31743 | Snake:1  | Noticed Aizul
 31773 | Snake:1  | Killed Aizul
 31929 | Snake:1  | Found Nehelaf's Book Boutique.
 32050 | Snake:1  | Noticed Asterion
 32454 | Snake:2  | Reached XP level 15. HP: 70/76 MP: 23/23
 32687 | Snake:2  | Identified the Compendium of Aid and Clay
 32754 | Snake:2  | Reached skill level 10 in Evocations
 32948 | Snake:2  | Reached skill level 15 in Unarmed Combat
 32950 | Snake:2  | Reached skill level 15 in Fighting
 33492 | Orc:2    | Bought a lamp of fire for 480 gold pieces
 33492 | Orc:2    | Bought a wand of paralysis (8) for 120 gold pieces
 33955 | Snake:2  | Noticed Saint Roka
 34421 | Snake:3  | HP: 22/115 [naga sharpshooter/arrow (22)]
 35050 | Snake:3  | Noticed a nagaraja
 35092 | Snake:3  | HP: 18/77 [salamander mystic/+0 quarterstaff (6)]
 35263 | Snake:3  | Found a runed translucent gate.
 35263 | Snake:3  | Found a runed translucent gate.
 35263 | Snake:3  | Found a runed translucent gate.
 35275 | Snake:3  | Killed a nagaraja
 35459 | Snake:4  | Entered Level 4 of the Snake Pit
 35464 | Snake:4  | HP: 9/77 [naga sharpshooter/arrow (21)]
 36075 | Snake:4  | Reached skill level 11 in Evocations
 36253 | Snake:4  | Noticed a nagaraja
 36256 | Snake:4  | Killed a nagaraja
 36407 | Snake:4  | Found Bipyttoog's Weapon Shoppe.
 36697 | Snake:4  | Reached skill level 16 in Dodging
 36933 | Snake:4  | Noticed a nagaraja
 37081 | Snake:4  | Reached XP level 16. HP: 81/81 MP: 25/25
 37130 | Snake:4  | Cast into level 3 of the Abyss (the power of Zot)
 37271 | Abyss:3  | Noticed a lich
 37485 | Abyss:3  | Reached skill level 14 in Stealth
 37485 | Abyss:3  | HP: 13/82 [balrug (illusionary)/+0 demon whip (10)]
 37486 | Abyss:3  | HP: 3/82 [balrug (illusionary)/+0 demon whip (18)]
 37486 | Abyss:3  | Mangled by a balrug (illusionary)
 37487 | Abyss:3  | Reached XP level 15. HP: -7/78 MP: 24/24
 37546 | Abyss:3  | Noticed a tentacled starspawn
 37560 | Snake:4  | Escaped the Abyss
 37698 | Snake:4  | Noticed a nagaraja
 37735 | Snake:4  | Killed a nagaraja
 37834 | Snake:4  | HP: 27/117 [naga sharpshooter/bolt (15)]
 37836 | Snake:4  | HP: 6/117 [naga sharpshooter/bolt (22)]
 38066 | Snake:4  | HP: 18/78 [naga warrior/+1 hand axe of venom (6)]
 38071 | Snake:4  | HP: 10/78 [poisoned by a naga warrior (splash of poison)]
 38077 | Snake:4  | HP: 11/78 [poisoned by a naga warrior (splash of poison)]
 38082 | Snake:4  | HP: 13/78 [poisoned by a naga warrior (splash of poison)]
 38088 | Snake:3  | HP: 16/78 [poisoned by a naga warrior (splash of poison)]
 38262 | Snake:4  | HP: 19/78 [naga warrior/+0 trident (6)]
 38395 | Snake:4  | Noticed a nagaraja
 38403 | Snake:4  | Killed a nagaraja
 38643 | Snake:4  | HP: 18/78 [naga warrior/+0 hand axe (5)]
 38736 | Snake:4  | Reached skill level 16 in Unarmed Combat
 38793 | Snake:4  | Killed a nagaraja
 38793 | Snake:4  | Reached skill level 16 in Fighting
 38884 | Snake:4  | Noticed a nagaraja
 38905 | Snake:4  | Reached skill level 12 in Evocations
 38917 | Snake:4  | Killed a nagaraja
 38972 | Snake:4  | Noticed a nagaraja
 38983 | Snake:4  | Killed a nagaraja
 39052 | Snake:4  | Noticed a nagaraja
 39074 | Snake:4  | Killed a nagaraja
 39132 | Snake:4  | Noticed a nagaraja
 39136 | Snake:4  | Noticed a nagaraja
 39142 | Snake:4  | Killed a nagaraja
 39149 | Snake:4  | HP: 27/117 [nagaraja/+0 whip (4)]
 39152 | Snake:4  | Mangled by a nagaraja
 39153 | Snake:4  | Reached XP level 14. HP: -6/75 MP: 24/24
 39249 | Snake:4  | Killed a nagaraja
 39249 | Snake:4  | Reached skill level 17 in Dodging
 39319 | Snake:4  | Got a serpentine rune of Zot
 40004 | Snake:1  | Killed Asterion
 40004 | Snake:1  | Reached XP level 15. HP: 79/79 MP: 25/25
 40558 | D:12     | Reached XP level 16. HP: 84/84 MP: 26/26
 41034 | D:12     | Reached skill level 17 in Fighting
 41510 | D:13     | Found a basalt altar of Yredelemnul.
 41672 | D:13     | Reached ****** piety under Trog
 42699 | D:14     | Found a shimmering altar of Xom.
 43020 | D:14     | Reached skill level 18 in Dodging
 43162 | D:14     | Found a gate to the Vaults.
 43248 | D:14     | Reached skill level 17 in Unarmed Combat
 43632 | D:15     | Entered Level 15 of the Dungeon
 44315 | D:15     | Found a staircase to the Depths.
 44419 | D:15     | Noticed Josephine
 44439 | D:15     | Killed Josephine
 44512 | D:15     | Found a white marble altar of Elyvilon.
 44747 | D:15     | Noticed sergedm's ghost (journeyman DECj)
 44750 | D:15     | Found a runed translucent door.
 44805 | D:15     | Reached XP level 17. HP: 89/89 MP: 27/27
 44888 | D:15     | Reached skill level 18 in Fighting
 45299 | D:15     | Killed sergedm's ghost
 45404 | Vaults:1 | Entered Level 1 of the Vaults
 45903 | Vaults:1 | Reached skill level 18 in Unarmed Combat
 46304 | Vaults:1 | HP: 19/89 [fire giant/fireball (17)]
 46516 | Vaults:1 | HP: 19/89 [yaktaur (8)]
 46893 | Vaults:1 | Reached skill level 15 in Stealth
 47741 | Vaults:2 | Reached XP level 18. HP: 94/94 MP: 28/28
 47754 | Vaults:2 | Reached skill level 13 in Evocations
 48090 | Vaults:2 | Reached skill level 19 in Dodging
 48300 | Vaults:2 | Found Disair's Food Shoppe.
 48859 | Vaults:2 | HP: 30/141 [vault guard/+0 war axe (26)]
 49784 | Vaults:2 | HP: 22/95 [yaktaur captain/bolt (17)]
 50691 | Vaults:2 | Found Disair's Food Shoppe.
 50964 | Vaults:2 | Identified the +8 plate armour "Rikkinn" {rF+++ rC- Str+8
                  | Int-3}
 51002 | Vaults:2 | Identified the +7 quarterstaff of Honour {elec, rElec}
 51209 | Vaults:2 | Identified the +6 flail "Omih" {drain, Str+3}
 51209 | Vaults:2 | Identified the cursed ring of Ukummud {rF+ MR+ Str-3
                  | Slay-3}
 51543 | Orc:2    | Bought a wand of flame (14) for 96 gold pieces
 51543 | Orc:2    | Bought a box of beasts for 240 gold pieces
 51543 | Orc:2    | Bought a wand of paralysis (8) for 120 gold pieces
 51572 | Orc:2    | Bought a potion of cancellation for 112 gold pieces
 51572 | Orc:2    | Bought a scroll of holy word for 105 gold pieces
 51574 | Orc:2    | Bought a scroll of teleportation for 45 gold pieces
 51873 | Swamp:2  | Noticed Frances
 51935 | Swamp:1  | Killed Jorgrun
 51966 | Swamp:2  | Reached skill level 19 in Fighting
 52118 | Swamp:2  | Reached skill level 19 in Unarmed Combat
 52246 | Swamp:2  | Reached skill level 14 in Evocations
 52252 | Swamp:1  | HP: 23/96 [poison (poison gas)]
 52257 | Swamp:1  | HP: 18/96 [poison (poison gas)]
 52262 | Swamp:1  | HP: 16/96 [poison (poison gas)]
 52267 | Swamp:1  | HP: 14/96 [poison (poison gas)]
 52272 | Swamp:1  | HP: 14/96 [poison (poison gas)]
 52278 | Swamp:1  | HP: 15/96 [poison (poison gas)]
 52286 | Swamp:1  | HP: 19/96 [poison (poison gas)]
 52294 | Swamp:1  | HP: 22/96 [poison (poison gas)]
 52544 | Swamp:2  | Killed Frances
 53866 | Swamp:3  | Reached XP level 19. HP: 99/99 MP: 30/30
 54495 | Swamp:4  | Entered Level 4 of the Swamp
 54591 | Swamp:3  | Inarius: oh, you are back :)
 54843 | Swamp:4  | Mgcat: hello
 55084 | Swamp:4  | HP: 24/150 [thorn hunter/volley of thorns (39)]
 55086 | Swamp:4  | Killed from afar by a thorn hunter
 55087 | Swamp:4  | Reached XP level 18. HP: -13/144 MP: 29/29
 55131 | Swamp:4  | Reached skill level 20 in Dodging
 55218 | Swamp:4  | HP: 23/96 [poisoned by a swamp dragon (poison gas)]
 55223 | Swamp:3  | HP: 15/96 [poisoned by a swamp dragon (poison gas)]
 55228 | Swamp:3  | HP: 10/96 [poisoned by a swamp dragon (poison gas)]
 55233 | Swamp:3  | HP: 7/96 [poisoned by a swamp dragon (poison gas)]
 55238 | Swamp:3  | HP: 7/96 [poisoned by a swamp dragon (poison gas)]
 55243 | Swamp:3  | HP: 7/96 [poisoned by a swamp dragon (poison gas)]
 55248 | Swamp:3  | HP: 8/96 [poisoned by a swamp dragon (poison gas)]
 55255 | Swamp:3  | HP: 11/96 [poisoned by a swamp dragon (poison gas)]
 55263 | Swamp:3  | HP: 14/96 [poisoned by a swamp dragon (poison gas)]
 56541 | Swamp:4  | Got a decaying rune of Zot
 56789 | D:9      | Identified the Almanac of the Eight Spirits
 57369 | D:9      | Found a shimmering altar of Xom.
 57369 | D:9      | Found a shimmering altar of Xom.
 57507 | D:10     | Killed Goblin1989's ghost
 57699 | D:11     | Gained mutation: Your magical capacity is low. (-10% MP) [a
                  | neqoxec]
 57703 | D:11     | Killed GuyDeFluk's ghost
 57703 | D:11     | Gained mutation: Your spells are a little easier to cast,
                  | but a little less powerful. [a neqoxec]
 57894 | D:11     | Killed Harold
 58025 | Lair:1   | Noticed ohad's ghost (journeyman OpTm)
 58039 | Lair:1   | Killed ohad's ghost
 58928 | Orc:1    | Killed Zanta616's ghost
 59203 | Vaults:3 | HP: 23/144 [yaktaur captain (23)]
 59236 | Vaults:3 | HP: 18/96 [vault sentinel/bolt (15)]
 59862 | Vaults:3 | Reached skill level 15 in Evocations
 59867 | Vaults:3 | HP: 19/96 [yaktaur/bolt[a vault warden] (23)]
 59888 | Vaults:3 | HP: 15/96 [yaktaur/bolt[a vault warden] (23)]
 60414 | Vaults:3 | HP: 10/97 [deep elf archer/arrow[an ironheart preserver]
                  | (16)]
 60546 | Vaults:3 | Found a staircase to the Crypt.
 60608 | Vaults:3 | Noticed a lich
 60693 | Vaults:3 | Reached XP level 19. HP: 32/100 MP: 28/28
 60834 | Vaults:3 | Killed a lich
 61385 | Vaults:3 | Reached skill level 16 in Stealth
 61515 | Vaults:3 | Noticed Sojobo
 61518 | Vaults:3 | Reached skill level 21 in Dodging
 61858 | Vaults:3 | Reached skill level 20 in Fighting
 61904 | Vaults:3 | Reached skill level 20 in Unarmed Combat
 63159 | Vaults:4 | Found a runed translucent gate.
 63159 | Vaults:4 | Found a runed translucent gate.
 63159 | Vaults:4 | Found a runed translucent gate.
 63281 | Vaults:4 | Reached skill level 17 in Stealth
 63422 | Vaults:4 | Found a gateway to a bazaar.
 63532 | Bazaar   | Entered a bazaar
 63537 | Bazaar   | Found Nummyij's Gadget Shop.
 63573 | Bazaar   | Found Atulaof's Antique Armour Shop.
 63593 | Bazaar   | Bought a wand of polymorph (9) for 165 gold pieces
 63593 | Bazaar   | Bought a wand of paralysis (13) for 225 gold pieces
 63593 | Bazaar   | Bought a box of beasts for 300 gold pieces
 63593 | Bazaar   | Bought a wand of clouds (3) for 315 gold pieces
 63593 | Bazaar   | Bought a wand of disintegration (22) for 390 gold pieces
 64617 | Vaults:4 | Reached XP level 20. HP: 91/105 MP: 29/29
 65459 | Vaults:4 | Found an iron altar of Okawaru.
 65459 | Vaults:4 | Noticed Ugguttuj's ghost (veteran DrWn)
 65641 | Depths:1 | Entered Level 1 of the Depths
 65649 | Depths:1 | Found Giczubips's Gadget Emporium.
 65781 | Depths:1 | Found Utekk's Weapon Emporium.
 66068 | Depths:1 | Reached skill level 22 in Dodging
 66201 | Depths:1 | Found a gateway to a bazaar.
 66247 | Depths:1 | Found Urowk's Antique Weapon Emporium.
 66248 | Depths:1 | Noticed Bai Suzhen
 66257 | Depths:1 | Killed Bai Suzhen
 66257 | Depths:1 | Reached skill level 18 in Stealth
 66323 | Depths:1 | You fall through a shaft!
 66341 | Depths:1 | Found Sucij's Weapon Emporium.
 66623 | Depths:1 | Found a gateway to Hell.
 67152 | Depths:2 | Found a gateway to a ziggurat.
 67863 | Depths:2 | HP: 24/106 [large abomination (29)]
 68401 | Depths:2 | Found a one-way gate to the infinite horrors of the Abyss.
 68481 | Depths:2 | Noticed a caustic shrike
 68875 | Depths:3 | Reached XP level 21. HP: 86/111 MP: 30/30
 69571 | Depths:3 | Reached skill level 21 in Fighting
 69571 | Depths:3 | Reached skill level 19 in Stealth
 69706 | Depths:3 | Reached skill level 21 in Unarmed Combat
 70517 | Depths:3 | HP: 36/166 [war gargoyle/+0 flail (30)]
 71857 | Depths:3 | Reached skill level 23 in Dodging
 72278 | Depths:4 | HP: 18/111 [white very ugly thing (24)]
 72651 | Depths:4 | HP: 16/111 [tengu reaver/+1 morningstar of draining (28)]
 72653 | Depths:4 | HP: 1/111 [battlesphere[a tengu reaver] (7)]
 72653 | Depths:4 | Killed from afar by a tengu reaver
 72654 | Depths:4 | Reached XP level 20. HP: -41/108 MP: 29/29
 72756 | Depths:4 | HP: 22/108 [skeletal warrior/+0 glaive (24)]
 73085 | Depths:4 | Reached skill level 20 in Stealth
 73129 | Depths:4 | Found Ysovarph's Jewellery Emporium.
 73129 | Depths:4 | Found Pupeuxte's Gadget Boutique.
 73130 | Depths:4 | Found Xiaseuj's Jewellery Emporium.
 73135 | Depths:4 | Bought a cursed ring of attention for 67 gold pieces
 73135 | Depths:4 | Bought a cursed ring of teleportation for 67 gold pieces
 73259 | Depths:3 | HP: 23/108 [tengu reaver/+1 morningstar of draining (13)]
 73933 | Depths:5 | Entered Level 5 of the Depths
 73982 | Depths:5 | Noticed a golden dragon
 74200 | Depths:5 | Reached XP level 21. HP: 112/112 MP: 30/30
 75023 | Depths:5 | Noticed Margery
 75044 | Depths:5 | Killed Margery
 75265 | Depths:5 | Noticed a golden dragon
 75306 | Depths:5 | Killed a golden dragon
 75573 | Depths:5 | Reached skill level 24 in Dodging
 75812 | Depths:5 | Found a gate to the Realm of Zot.
 75982 | Depths:5 | Killed a golden dragon
 75982 | Depths:5 | Reached skill level 22 in Fighting
 75982 | Depths:5 | Reached skill level 22 in Unarmed Combat
 76356 | Depths:2 | Voluntarily entered the Abyss.
 77303 | Abyss:2  | Got a vibrating jade ring
 77304 | Abyss:2  | Identified the ring "Enoxaas" {rPois rF+ MR++} (You
                  | acquired it on level 2 of the Abyss)
 78113 | Abyss:3  | Reached XP level 22. HP: 95/117 MP: 30/30
 78793 | Abyss:3  | Found a glowing golden altar of the Shining One.
 78859 | Abyss:3  | Identified the cursed +0 buckler of the Marlin {rC+ Dex+2}
 78872 | Abyss:3  | Noticed a juggernaut
 78874 | Abyss:3  | HP: 2/118 [juggernaut (29)]
 78879 | Abyss:3  | Killed a juggernaut
 78888 | Abyss:3  | Got an abyssal rune of Zot
 78922 | Abyss:3  | HP: 28/118 [starcursed mass/accursed screaming (8)]
 78925 | Abyss:3  | Paralysed by accursed screaming for 1 turns
 78928 | Abyss:3  | HP: 7/118 [starcursed mass (7)]
 78936 | Abyss:3  | HP: 25/118 [starcursed mass/accursed screaming (9)]
 78937 | Depths:2 | Escaped the Abyss
 79228 | Zot:1    | Entered Level 1 of the Realm of Zot
 79393 | Zot:1    | Noticed a golden dragon
 79520 | Zot:1    | Killed a golden dragon
 79520 | Zot:1    | Reached skill level 25 in Dodging
 79645 | Zot:1    | Noticed a curse toe
 79683 | Zot:1    | HP: 19/118 [??? (13)]
 79686 | Zot:1    | Killed a curse toe
 79886 | Zot:1    | Noticed a curse toe
 80051 | Zot:1    | Killed a curse toe
 80093 | Zot:1    | HP: 19/118 [red draconian knight/+0 long sword (20)]
 80094 | Zot:1    | Slain by a red draconian knight
 80095 | Zot:1    | Reached XP level 21. HP: -1/114 MP: 30/30
 80134 | Zot:1    | Found a transporter.
 80246 | Zot:1    | Found a transporter.
 80295 | Zot:1    | HP: 27/171 [quicksilver dragon (18)]
 80301 | Zot:1    | HP: 8/171 [red draconian/+0 long sword (14)]
 80868 | Zot:1    | Found a transporter.
 81004 | Zot:1    | Found a transporter.
 81325 | Zot:2    | HP: 26/114 [shadow dragon (13)]
 81327 | Zot:2    | HP: 11/114 [white draconian knight/+0 long sword (3)]
 81332 | Zot:2    | HP: 19/114 [white draconian knight/shard of ice (26)]
 81333 | Zot:2    | Noticed a golden dragon
 81334 | Zot:2    | Killed from afar by a white draconian knight
 81335 | Zot:2    | Reached XP level 20. HP: -21/110 MP: 29/29
 81431 | Zot:2    | Noticed a curse toe
 81621 | Zot:2    | Killed a golden dragon
 81970 | Zot:2    | Reached skill level 23 in Fighting
 81989 | Zot:2    | Reached skill level 23 in Unarmed Combat
 82170 | Zot:2    | HP: 24/111 [white draconian knight/+0 long sword (23)]
 82237 | Zot:2    | Reached XP level 21. HP: 95/115 MP: 30/30
 82565 | Zot:2    | Killed a curse toe
 83579 | Zot:3    | Reached skill level 26 in Dodging
 85035 | Zot:3    | Noticed a golden dragon
 85094 | Zot:3    | Killed a golden dragon
 86203 | Zot:4    | Noticed a golden dragon
 86210 | Zot:4    | Killed a golden dragon
 86290 | Zot:4    | Noticed a golden dragon
 86303 | Zot:4    | Killed a golden dragon
 86544 | Zot:4    | Reached XP level 22. HP: 106/121 MP: 30/30
 86551 | Zot:4    | HP: 11/181 [green draconian annihilator/crystal spear (53)]
 87282 | Elf:1    | Entered Level 1 of the Elven Halls
 87467 | Elf:1    | Found a radiant altar of Vehumet.
 87789 | Elf:1    | Found Gudwetta's General Store.
 87845 | Elf:1    | Found Goudam's Food Shop.
 88128 | Elf:1    | Reached skill level 24 in Fighting
 88149 | Elf:1    | Identified the cursed +1 arbalest of Circularity {elec,
                  | rPois}
 88158 | Elf:1    | Reached skill level 24 in Unarmed Combat
 88386 | Elf:1    | Reached skill level 27 in Dodging
 88388 | Elf:1    | Found a runed translucent gate.
 88388 | Elf:1    | Found a runed translucent gate.
 88388 | Elf:1    | Found a runed translucent gate.
 88388 | Elf:1    | Found a runed translucent gate.
 88388 | Elf:1    | Found a runed translucent gate.
 88401 | Elf:1    | Found a runed translucent gate.
 89428 | Elf:2    | Found a huge runed translucent gate.
 89428 | Elf:2    | Found a huge runed translucent gate.
 89428 | Elf:2    | Found a huge runed translucent gate.
 89428 | Elf:2    | Found a huge runed translucent gate.
 89428 | Elf:2    | Found a huge runed translucent gate.
 89491 | Elf:3    | Entered Level 3 of the Elven Halls
 89791 | Depths:4 | Bought the ring "Pave" {*Slow +Fly rF+ AC+5 Str+4} for 1256
                  | gold pieces
 90418 | Elf:3    | Found Fyddelirph's Food Shop.
 90793 | Elf:3    | Identified the +0 leather armour "Ruelaomi" {Int+3}
 91845 | Elf:3    | Reached skill level 16 in Evocations
 91845 | Elf:3    | Reached XP level 23. HP: 97/126 MP: 32/32
 92085 | Elf:3    | Identified the Compendium of the Displaced Glacier
 92504 | Crypt:1  | Entered Level 1 of the Crypt
 92519 | Crypt:1  | Noticed Mennas
 92530 | Vaults:3 | HP: 29/126 [flayed ghost[a curse skull] (16)]
 92975 | Zot:5    | Entered Level 5 of the Realm of Zot
 93151 | Depths:1 | Bought a wand of acid (10) for 560 gold pieces
 93151 | Depths:1 | Bought a box of beasts for 400 gold pieces
 93334 | Elf:1    | Bought a scroll of summoning for 114 gold pieces
 93334 | Elf:1    | Bought a potion of heal wounds for 60 gold pieces
 93892 | Zot:5    | Found a large runed translucent door.
 93892 | Zot:5    | Found a large runed translucent door.
 93893 | Zot:5    | Noticed Juzit's ghost (legendary GnFi)
 94153 | Zot:5    | Noticed a curse toe
 94156 | Zot:5    | Killed a curse toe
 94877 | Zot:5    | Found a large runed translucent door.
 94877 | Zot:5    | Found a large runed translucent door.
 95776 | Zot:5    | Found a large runed translucent door.
 95776 | Zot:5    | Found a large runed translucent door.
 96539 | Zot:5    | Noticed an ancient lich
 96677 | Zot:5    | Killed an ancient lich
 96728 | Zot:5    | Noticed an orb of fire
 96758 | Zot:5    | Killed an orb of fire
 96761 | Zot:5    | HP: 31/126 [yellow draconian stormcaller (35)]
 97213 | Zot:5    | Noticed a curse toe
 97269 | Zot:5    | Killed a curse toe
 97426 | Zot:5    | Reached skill level 17 in Evocations
 97598 | Zot:5    | Noticed a Killer Klown
 97600 | Zot:5    | Noticed an orb of fire
 97603 | Zot:5    | HP: 9/126 [Orb Guardian (28)]
 97606 | Zot:5    | HP: 3/126 [electric golem/bolt of lightning (7)]
 97611 | Zot:5    | Slain by a Killer Klown

Skill      XL: |  1  2  3  4  5  6  7  8  9 10 11 12 13 14 15 16 17 18 19 20 21 22 23 |
---------------+----------------------------------------------------------------------+-----
Stealth        | 2 4 5 9 10 11 12 13 14 15 17 20 19 | 20.0
Dodging        | 5 7 9 10 13 14 15 17 16 18 20 21 22 26 27 | 27.0
Fighting       | 4 5 6 7 8 10 11 13 14 16 17 18 19 20 23 22 24 | 24.9
Unarmed Combat | 4 5 6 7 8 10 11 13 14 16 17 18 19 20 23 22 24 | 24.9
Evocations     | 4 5 6 8 9 12 15 16 17 | 17.0

Action                   |  1- 3 |  4- 6 |  7- 9 | 10-12 | 13-15 | 16-18 | 19-21 | 22-24 || total
-------------------------+-------+-------+-------+-------+-------+-------+-------+-------++-------
Melee: Unarmed           |    85 |   140 |   303 |   643 |  1324 |  1794 |  2473 |   939 ||  7701
       Bite              |     3 |    19 |    35 |    82 |   186 |   256 |   403 |   135 ||  1119
       Punch             |       |     2 |     6 |    38 |   101 |   222 |   386 |   123 ||   878
Invok: Berserk           |     6 |     8 |    18 |    51 |   104 |    89 |   126 |    39 ||   441
       Trog's Hand       |       |     1 |       |     6 |    10 |     9 |    14 |     9 ||    49
       Brothers in Arms  |       |       |     1 |     6 |    19 |    29 |    23 |    25 ||   103
Evoke: Wand              |       |       |       |    16 |    41 |    39 |    21 |    16 ||   133
       Lamp of fire      |       |       |       |       |     1 |     3 |     2 |       ||     6
       Phial of floods   |       |       |       |       |       |     3 |       |       ||     3
       Box of beasts     |       |       |       |       |       |     1 |     2 |     2 ||     5
       Fan of gales      |       |       |       |       |       |     1 |       |       ||     1
       Lightning rod     |       |       |       |       |       |       |     2 |       ||     2
  Use: Scroll            |       |    12 |     8 |    10 |    10 |     5 |    15 |     8 ||    68
       Potion            |       |       |       |       |     6 |    11 |     5 |     9 ||    31
 Stab: Distracted        |     1 |     1 |     4 |     4 |     8 |    10 |    39 |    11 ||    78
       Sleeping          |     3 |     8 |    15 |    47 |    24 |    49 |    61 |    16 ||   223
       Paralysed         |       |       |       |       |     4 |     6 |     5 |     9 ||    24
  Eat: Chunk             |    14 |    12 |    28 |    82 |    82 |   139 |   166 |    62 ||   585
       Ration            |       |       |       |       |    24 |     2 |     9 |     7 ||    42
Armor: Skin              |     2 |     5 |    17 |    14 |    16 |    36 |    65 |    19 ||   174
Dodge: Dodged            |    60 |    83 |   226 |   595 |  1272 |  1640 |  2060 |   705 ||  6641

Levels and vault maps discovered:
D:1:      lightli_molten_gateway, layout_basic
D:2:      layout_basic
D:3:      layout_loops_cross, makhleb_altar_promises_db, uniq_jessica
D:4:      layout_rooms, minmay_temple_entry_statues
D:5:      layout_basic, first_ration, minmay_ruined_shrine
D:6:      lemuel_upstairs_altar, layout_loops_ring
D:7:      layout_basic
D:8:      layout_cave_pods, zin_purify, serial_shops, shop, the_bakery
D:9:      minmay_the_grid_3x2 [minmay_the_grid_mess,
          minmay_the_grid_minigrid_small_alt, minmay_the_grid_broken_lines,
          minmay_the_grid_rooms, minmay_the_grid_tree,
          minmay_the_grid_prize_shrinking_boxes], layout_loops_ring,
          xom_redecorated
D:10:     layout_cave_pools, gammafunk_ghost_split, serial_column_ruins,
          column_ruins_grid_1, column_ruins_columns_water,
          column_ruins_columns_straight, column_ruins_columns_straight,
          column_ruins_open_tiny, column_ruins_open_large, column_ruins_grid_3,
          kennysheep_decorative_pillar
D:11:     layout_small_grid, david_lair_shrubbed, orc_0_dummy,
          gammafunk_ghost_stat_death, uniq_harold
D:12:     layout_roguey
D:13:     layout_rooms, lemuel_mausoleum_altar_yredelemnul
D:14:     minmay_stepped, layout_rooms, lightli_vaults_fourway_checkpoint,
          basic_altar, hangedman_decor_push
D:15:     grunt_enter_depths_magical_seal, layout_basic,
          hellmonk_ghost_happy_afterlife, minmay_misc_feat_chi, serial_ice,
          serial_ice_g, serial_ice_o, serial_ice_j, serial_ice_h,
          elyvilon_altar_4, uniq_josephine
Lair:1:   layout_cave_shapes, gammafunk_ghost_hydra_chop, tgw_fedhas,
          infiniplex_staircase_pool_2, uniq_fannar
Lair:2:   layout_big_grid, minivault_27
Lair:3:   layout_layer_cave, grunt_megastairs_2, lemuel_fruit_tree, uniq_rupert
Lair:4:   cheibrodos_lair_overgrown_chateau, layout_big_grid, swamp_mist_pool,
          minmay_snake_entry_guardpost_small
Lair:5:   layout_long_grid, dpeg_slime_entry_corner, st_stairs_4
Lair:6:   gammafunk_lair_ancient_temple, layout_cave_pods, uniq_urug
Swamp:1:  layout_falls_marsh, gammafunk_ghost_cemetery,
          hangedman_swamp_ruin_wall, uniq_jorgrun, uniq_donald
Swamp:2:  layout_basic_swamp, nicolae_swamp_fairy_circle, swamp_pool1,
          uniq_frances
Swamp:3:  layout_falls_marsh, evilmike_swamp_ruin_rubble_1
Swamp:4:  swamp_basic_johnstein, layout_basic_swamp
Snake:1:  layout_concentric_octagons, serial_shops,
          nicolae_shop_temple_entry_statues_fountains, drop_trap,
          serial_bayou_shore_a, uniq_aizul, uniq_nikola, uniq_asterion
Snake:2:  layout_misc_corridors, grunt_ministairs_11, st_stairs_6,
          grunt_megastairs_3, uniq_saint_roka
Snake:3:  layout_basic, special_room, grunt_ministairs_1, st_stairs_7,
          nicolae_snake_horde_hoard
Snake:4:  grunt_snake_rune_pools, layout_misc_corridors, serial_shops,
          nicolae_shop_trees, drop_trap
Orc:1:    layout_caves, ebering_ghost_rock_garden, uniq_snorg
Orc:2:    pf_orc_diabolical, layout_diamond_mine, enter_volcano_4, basic_altar
Elf:1:    eino_elf_arrival_altar, layout_rooms, serial_shops,
          nicolae_shop_temple_entry_statues_fountains, nicolae_shop_statue_plus,
          orc_legates, grunt_megastairs_1
Elf:2:    layout_geoelf_diagonals
Elf:3:    elf_hall, layout_rooms, serial_shops, nicolae_shop_crystal
Vaults:1: nicolae_vaults_circle_grid_b, ontoclasm_vaults_ligature,
          dpeg_vaults_pockets_of_resistance, nicolae_vaults_theta,
          vaults_mumra_hexcomb, vaults_mumra_hex, nicolae_vaults_network_star,
          nicolae_vaults_network_barrier, vaults_room_boxed,
          nicolae_vaults_network_quinsquares
          [nicolae_vaults_network_quincunx_subvault,
          nicolae_vaults_network_quincunx_subvault,
          nicolae_vaults_network_quincunx_subvault,
          nicolae_vaults_network_quincunx_subvault], v_misc_16,
          vaults_room_hallway, layout_vaults_omnibox,
          portal_desolation_entry_nicolae_slug
Vaults:2: vaults_mumra_lcd, st_greater_box_5, v_alt_pattern_1, vaults_dpeg_ring,
          vaults_mumra_minichess, layout_vaults_chaotic_city, serial_shops,
          nicolae_shop_stone
Vaults:3: nicolae_vaults_border_crossing, nicolae_vaults_little_squares_2,
          hangedman_vaults_capsules, kb_rosetta, grunt_vaults_swirl,
          v_alt_pattern_3, hangedman_vaults_hat,
          nicolae_vaults_mini_display_case, minmay_crypt_entry_vampire_xt,
          vaults_room_pools, nicolae_vaults_shelves_hall, vaults_room_pool,
          layout_vaults_ring, uniq_sojobo
Vaults:4: gammafunk_vaults_ghost_fury_of_okawaru, ontoclasm_vaults_twist,
          hangedman_vaults_corner, v_rooms_1, ontoclasm_vaults_shuriken,
          nicolae_vaults_octagons, v_misc_2, grunt_vaults_trifunnel,
          v_pattern_2, ontoclasm_vaults_decontamination,
          layout_vaults_omnicross, serial_shops, statue_bzr
Crypt:1:  layout_rooms, minivault_14, uniq_xtahua, uniq_mennas
Depths:1: layout_roguey, nrook_mini_backslash, serial_shops, bzr_entry_road,
          nicolae_shop_crystal, nicolae_shop_trees, shop, shop, hell_entry,
          special_room [special_room_magic_class], solitary_fountain,
          kennysheep_two_boxes, uniq_bai_suzhen
Depths:2: minmay_strange_plus, layout_basic, enter_ziggurat_b, serial_sigils,
          serial_sigils_hangedman_leer, serial_sigils_hangedman_carve,
          serial_sigils_hangedman_confine, serial_sigils_hangedman_writhe,
          serial_sigils_hangedman_quiver, serial_sigils_hangedman_gut,
          hell_entry, minmay_room_of_horrors
Depths:3: radiant_caverns_a_rkd, pan_entry, hell_entry, serial_shops
Depths:4: cheibrodos_tormentor_scu, layout_cave_pools, pan_entry,
          hangedman_tar_grid_catacomb, marbit_kobold_abyss_entry,
          grunt_decor_fettered, minmay_shop_grove
Depths:5: grunt_zot_entry_tricorne, layout_gridlike, hell_entry, serial_curves,
          eino_curves_02, eino_curves_02, uniq_margery
Zot:1:    gammafunk_its_a_trap, layout_gridville
Zot:2:    layout_onion_interference
Zot:3:    kennysheep_oblong_rooms, layout_misc_corridors
Zot:4:    layout_twisted_circle
Zot:5:    layout_basic, ebering_ghost_disaster_area, lemuel_baited_zot_trap
Abyss:1
Abyss:2
Abyss:3:  nicolae_abyss_rune_star_stuff
Bazaar:   bazaar_jpeg_cross
Volcano:  volcano_grotto [vgs_many_chambers]

Table legend:
 A = Turns spent in this place as a percentage of turns spent in the entire game.
 B = Non-inter-level travel turns spent in this place as a percentage of non-inter-level travel turns spent in the entire game.
 C = Inter-level travel turns spent in this place as a percentage of turns spent in this place.
 D = Turns resting spent in this place as a percentage of non-inter-level travel turns spent in this place.
 E = Turns spent auto-exploring this place as a percentage of non-inter-level travel turns spent in this place.
 F = Non-inter-level travel turns spent in this place divided by the number of levels of this place that you've seen.
                   A       B       C       D       E      F
               +-------+-------+-------+-------+-------+----------------------
         Total | 100.0 | 100.0 |  10.1 |  36.1 |  35.4 | 1595.9
       Dungeon |  23.2 |  22.6 |  12.5 |  33.3 |  43.5 | 1322.9
          Lair |  11.4 |  11.0 |  12.9 |  34.9 |  43.2 | 1616.5
         Swamp |   6.3 |   6.6 |   6.0 |  39.1 |  31.6 | 1448.8
     Snake Pit |   8.6 |   8.8 |   7.5 |  41.7 |  25.4 | 1929.8
  Orcish Mines |   5.5 |   5.0 |  18.1 |  46.8 |  25.2 | 2212.5
   Elven Halls |   4.6 |   4.6 |   9.6 |  32.4 |  31.1 | 1358.3
        Vaults |  13.0 |  13.5 |   7.1 |  31.8 |  39.5 | 2952.8
         Crypt |   0.0 |   0.0 |   0.0 |   0.0 |   0.0 |  21.0
        Depths |  12.1 |  12.2 |   8.8 |  43.3 |  26.1 | 2148.4
           Zot |  12.0 |  12.0 |  10.4 |  36.4 |  37.9 | 2105.2
         Abyss |   3.1 |   3.4 |   0.0 |  20.3 |  18.7 | 752.8
        Bazaar |   0.1 |   0.1 |   0.0 |   0.0 |  60.5 |  76.0
       Volcano |   0.0 |   0.0 |   0.0 |   0.0 |   0.0 |  31.0
               +-------+-------+-------+-------+-------+----------------------

Table legend:
 A = Kills in this place as a percentage of kills in entire the game.
 B = Kills by you in this place as a percentage of kills by you in the entire game.
 C = Kills by friends in this place as a percentage of kills by friends in the entire game.
 D = Other kills in this place as a percentage of other kills in the entire game.
 E = Experience gained in this place as a percentage of experience gained in the entire game.
 F = Experience gained in this place divided by the number of levels of this place that you have seen.
                   A       B       C       D       E      F
               +-------+-------+-------+-------+-------+----------------------
         Total | 100.0 | 100.0 | 100.0 | 100.0 | 100.0 | 26117.5
       Dungeon |  21.3 |  22.4 |   2.2 |   0.0 |   6.0 | 5761.1
          Lair |   6.6 |   6.4 |  10.4 |   0.0 |   3.6 | 8620.8
         Swamp |   6.3 |   6.3 |   8.2 |   0.0 |   5.3 | 19194.0
     Snake Pit |   8.7 |   8.9 |   6.7 |   0.0 |   8.0 | 28553.2
  Orcish Mines |   5.2 |   5.4 |   2.2 |   0.0 |   1.5 | 10996.0
   Elven Halls |   7.0 |   7.0 |   6.7 |  25.0 |   9.0 | 42933.3
        Vaults |  17.9 |  17.3 |  27.6 |  25.0 |  20.4 | 73316.5
         Crypt |   0.2 |   0.2 |   0.0 |   0.0 |   0.1 | 1880.0
        Depths |  13.1 |  13.1 |  13.4 |   0.0 |  19.3 | 55323.2
           Zot |   7.0 |   7.1 |   4.5 |  25.0 |  20.3 | 58330.8
         Abyss |   6.6 |   5.9 |  17.9 |  25.0 |   6.5 | 23280.8
               +-------+-------+-------+-------+-------+----------------------
